 Dungeon Crawl Stone Soup version 0.31-a0-271-gb88eb75e06 (webtiles) character file.

Game seed: 15256787159195056232

11509 gruber the Grappler (level 11, -4/100 HPs)
             Began as a Troll Shapeshifter on July 14, 2023.
             Was a Believer of Uskayaw.
             Killed from afar by Fannar (31 damage)
             ... with a bolt of cold
             ... on level 11 of the Dungeon.
             The game lasted 00:10:55 (9952 turns).

gruber the Grappler (Troll Shapeshifter)            Turns: 9952, Time: 00:10:55

Health: -4/100     AC:  4    Str: 29    XL:     11   Next: 50%
Magic:  15/15      EV: 11    Int:  4    God:    Uskayaw [**....]
Gold:   592        SH:  0    Dex: 10    Spells: 10/10 levels left

rFire   . .          .
                       - Unarmed
rCold   . . .        (no shield)
rNeg    . . .        I - melded +2 steam dragon scales
rPois   +            (helmet restricted)
rElec   .            p - +1 cloak
rCorr   .            (gloves unavailable)
SInv    .            (boots unavailable)
Will    .....        (no amulet)
Stlth   +            l - ring of poison resistance
HPRegen 1.16/turn    x - +4 ring of slaying
MPRegen 0.14/turn

%: no passive effects
@: maw-form
A: devouring maw, reduced hp, large, unfitting armour, claws 3, regeneration 1,
shaggy fur 1, tough skin 1
a: Begin Untransformation, Renounce Religion, Stomp, Line Pass


You were on level 11 of the Dungeon.
You worshipped Uskayaw.
Uskayaw was noncommittal.
You were a creature with a mouth for a stomach.
You visited 2 branches of the dungeon, and saw 12 of its levels.

You collected 592 gold pieces.

Inventory:

Hand Weapons
 H - the +1 scimitar of Ucikhliukh {flame, rElec rF- rC++ SInv}
   (You found it on level 7 of the Dungeon)

   rF:        It makes you vulnerable to fire.
   rC:        It greatly protects you from cold.
   rElec:     It insulates you from electricity.
   SInv:      It lets you see invisible.
Missiles
 q - 37 poisoned darts (quivered)
 Q - 3 curare-tipped darts
Armour
 p - a +1 cloak (worn)
 I - +2 steam dragon scales (melded)
Jewellery
 e - a ring of flight
 l - a ring of poison resistance (left claw)
 x - a +4 ring of slaying (right claw)
 O - a ring of see invisible
 R - a ring of resist corrosion
Talismans
 c - a beast talisman
 N - a maw talisman
Wands
 a - a wand of roots (5)
 y - a wand of mindburst (32)
 E - a wand of charming (18)
 J - a wand of light (12)
Scrolls
 d - 3 scrolls of amnesia {unknown}
 f - 4 scrolls of blinking {unknown}
 g - 5 scrolls of revelation {unknown}
 j - a scroll of enchant armour {unknown}
 m - 3 scrolls of teleportation {unknown}
 o - a scroll of fear {unknown}
 u - 6 scrolls of identify {unknown}
 z - 4 scrolls of fog {unknown}
 B - 4 scrolls of brand weapon {unknown}
 C - a scroll of acquirement {unknown}
 F - 2 scrolls of noise {unknown}
 G - 2 scrolls of enchant weapon {unknown}
 M - a scroll of vulnerability {unknown}
Potions
 b - 2 potions of lignification
 h - 2 potions of degeneration {unknown}
 i - 6 potions of curing {unknown}
 k - 3 potions of might {unknown}
 n - 4 potions of magic {unknown}
 r - 6 potions of heal wounds {unknown}
 s - a potion of invisibility {unknown}
 t - 2 potions of mutation {unknown}
 v - 3 potions of haste {unknown}
 w - 5 potions of brilliance {unknown}
 A - 2 potions of enlightenment {unknown}
 D - a potion of resistance {unknown}
 K - 2 potions of berserk rage {unknown}
 L - 2 potions of attraction {unknown}
 P - a potion of ambrosia {unknown}


   Skills:
 - Level 7.1 Fighting
 - Level 6.2 Dodging
 - Level 9.1 Unarmed Combat
 - Level 7.1 Invocations
 * Level 8.2 Shapeshifting


You had 10 spell levels left.
You didn't know any spells.
Your spell library contained the following spells:

 Spells                   Type           Power      Damage    Failure   Level
 Apportation              Tloc           0%         N/A       50%         1
 Magic Dart               Conj           0%         1d3       50%         1
 Blink                    Tloc           0%         N/A       65%         2
 Call Imp                 Summ           0%         N/A       65%         2
 Lesser Beckoning         Tloc           0%         N/A       65%         2
 Searing Ray              Conj           0%         2d4       65%         2
 Gell's Gravitas          Tloc           0%         N/A       86%         3
 Mephitic Cloud           Conj/Pois/Air  0%         N/A       86%         3
 Teleport Other           Tloc           0%         N/A       86%         3
 Animate Armour           Summ/Erth      0%         N/A       99%         4
 Cause Fear               Hex            0%         N/A       99%         4
 Fulminant Prism          Conj/Hex       0%         3d5       99%         4
 Manifold Assault         Tloc           0%         N/A       99%         4
 Summon Lightning Spire   Summ/Air       0%         N/A       99%         4
 Alistair's Intoxication  Tmut/Pois      0%         N/A       100%        5
 Fireball                 Conj/Fire      0%         3d3       100%        5
 Lee's Rapid Deconstruct  Erth           0%         3d4*      100%        5
 Dispersal                Tloc           0%         N/A       100%        6
 Disjunction              Tloc           0%         N/A       100%        8
 Dragon's Call            Summ           0%         N/A       100%        9


Dungeon Overview and Level Annotations

Branches:
Dungeon (11/15)            Temple (1/1) D:4            Lair (0/5) D:9
    Orc (0/2) D:9

Altars:
Ashenzari
Cheibriados
Dithmenos
Elyvilon
Fedhas
Gozag
Hepliaklqana
Kikubaaqudgha
Makhleb
Nemelex Xobeh
Okawaru
Qazlal
Ru
Sif Muna
Trog
Uskayaw
Vehumet
Wu Jian
Xom
Yredelemnul
Zin
The Shining One

Shops:
D:5 [   D:8 *

Portals:
Abyss: D:10

Annotations:
D:10 2 transporters, flestrin's ghost, journeyman SpEn
D:11 Fannar


Innate Abilities, Weirdness & Mutations

You are a creature with a mouth for a stomach.
Your midsection houses a second, enormous mouth.
Your maximum health is decreased, since you lack skill for your form.
You are too large for most types of armour.
You have claws for hands.
Your natural rate of healing is unusually fast.
You are covered in fur. (AC +1)
You have tough skin. (AC +1)


Message History

You begin transforming.
You continue transforming. x3
Your transformation has ended.
Your +1 cloak unmelds from your body.
You turn into a creature with a mouth for a stomach.
Your +2 steam dragon scales melds into your body.
Unknown command.
Unknown command.
You open the door.
There is an open door here.
Fannar the Cold-Hearted comes into view.
They are wielding a staff of cold and wearing a +2 robe of cold resistance.
Fannar shouts!
Found a scroll labelled ICAIVOC GEGULI.
Fannar hits you with a staff of cold. Fannar freezes you!
You barely miss Fannar. You bite Fannar!
Fannar is lightly wounded.
Fannar casts a spell.
Fannar drains the heat from the surrounding environment!
Unknown command.
Unknown command.
You miss Fannar.
Fannar is lightly wounded.
Fannar completely misses you.
You mangle Fannar!! Your bite misses Fannar.
Fannar is heavily wounded.
Fannar hits you with a staff of cold. Fannar freezes you!
You can now pass through a line of other dancers.
You miss Fannar. Your bite misses Fannar.
Fannar is moderately wounded.
You claw Fannar! Your bite misses Fannar.
Fannar is heavily wounded.
Fannar closely misses you.
You closely miss Fannar.
Fannar is heavily wounded.
Fannar hits you with a staff of cold. Fannar freezes you!
* * * LOW HITPOINT WARNING * * *
You closely miss Fannar.
Fannar is heavily wounded.
Fannar points at you and mumbles some strange words.
The bolt of cold hits you!!
You die...

..............
...........#............
...........#............
...........#....##......
...........#....##......
...........#............
...........#............
...........#..#####'##..
#....W......#......#.#
?.....e########......#.#
....... #.......#.#
....... #.......#.#
#...... #.......#.#
#...... ##......#..
#...... #......###
#......


You could see Fannar.

Vanquished Creatures
  Erolcha (D:10)
  A two-headed ogre (D:10)
  A deep elf pyromancer (D:10)
  Joseph (D:7)
  Maggie (D:7)
  2 kobold demonologists (D:10)
  Psyche (D:9)
  A komodo dragon (D:8)
  An unseen horror (D:10)
  A troll (D:11)
  Grinder (D:3)
  A wyvern (D:10)
  11 yaks
  A steam dragon (D:9)
  Menkaure (D:4)
  2 acid dragons
  3 water moccasins
  2 sky beasts (D:7)
  10 orc warriors
  3 black bears (D:9)
  2 centaurs
  A phantom (D:6)
  7 kobold brigands
  4 bullfrogs
  A gnoll sergeant (D:11)
  9 scorpions
  5 wights (D:6)
  5 killer bees (D:9)
  3 howler monkeys
  2 hounds
  12 orc priests
  2 jellies
  A sleepcap (D:6)
  A gnoll bouda (D:8)
  Crazy Yiuf (D:3)
  Jessica (D:3)
  Ijyb (D:4)
  3 iguanas
  20 orc wizards
  Robin (D:3)
  7 gnolls
  7 adders
  A shadow imp (D:5)
  3 ufetubi
  2 worms
  6 dart slugs
  55 orcs
  6 endoplasms
  4 giant cockroaches
  16 goblins
  11 hobgoblins
  A jackal (D:1)
  21 kobolds
  4 quokkas
  6 ball pythons
  6 bats
  10 frilled lizards
  9 rats
303 creatures vanquished.

Notes
Turn   | Place    | Note
-------+----------+-------------------------------------------
     0 | D:1      | gruber the Troll Shapeshifter began the quest for the Orb.
     0 | D:1      | Reached XP level 1. HP: 19/19 MP: 0/0
    41 | D:1      | Reached XP level 2. HP: 26/27 MP: 1/1
    72 | D:1      | Reached skill level 3 in Unarmed Combat
   706 | D:1      | Reached XP level 3. HP: 33/33 MP: 2/2
  1062 | D:2      | Reached skill level 4 in Unarmed Combat
  1491 | D:2      | Reached XP level 4. HP: 35/41 MP: 3/3
  1659 | D:3      | Noticed Grinder
  1663 | D:3      | Paralysed by Grinder for 3 turns
  1672 | D:3      | Killed Grinder
  1673 | D:3      | Reached skill level 6 in Unarmed Combat
  1673 | D:3      | Reached XP level 5. HP: 35/48 MP: 4/4
  1705 | D:3      | Reached XP level 6. HP: 55/55 MP: 5/5
  1707 | D:3      | Found a basalt altar of Yredelemnul.
  1707 | D:3      | Noticed Robin
  1719 | D:3      | Killed Robin
  1795 | D:3      | Noticed Jessica
  1799 | D:3      | Killed Jessica
  2383 | D:3      | Found a runed translucent door.
  2384 | D:3      | Noticed Crazy Yiuf
  2554 | D:3      | Killed Crazy Yiuf
  2555 | D:3      | Reached skill level 7 in Unarmed Combat
  2882 | D:4      | Reached XP level 7. HP: 39/62 MP: 6/6
  3211 | D:4      | Noticed Ijyb
  3219 | D:4      | Killed Ijyb
  3238 | D:4      | Noticed Menkaure
  3247 | D:4      | Killed Menkaure
  3248 | D:4      | Reached skill level 8 in Unarmed Combat
  3501 | D:4      | Found a staircase to the Ecumenical Temple.
  3992 | Temple   | Entered the Ecumenical Temple
  4169 | Temple   | Became a worshipper of Uskayaw the Reveller
  4251 | D:5      | Entered Level 5 of the Dungeon
  4287 | D:4      | Reached * piety under Uskayaw
  4320 | D:5      | Reached ** piety under Uskayaw
  4321 | D:5      | Reached skill level 9 in Unarmed Combat
  4326 | D:5      | Reached *** piety under Uskayaw
  4471 | D:5      | Found Omuq's Antique Armour Shop.
  4478 | D:5      | Reached XP level 8. HP: 65/74 MP: 7/7
  4841 | D:6      | Reached **** piety under Uskayaw
  4903 | D:6      | Reached skill level 5 in Fighting
  5078 | D:6      | Reached ***** piety under Uskayaw
  5079 | D:6      | Reached XP level 9. HP: 77/92 MP: 8/8
  5189 | D:6      | Identified the +1 cloak of the Eternal Fruit {rF+ Will-
                  | Int+2}
  5543 | D:7      | Noticed Joseph
  5624 | D:7      | Killed Joseph
  5667 | D:7      | Identified the +1 scimitar of Ucikhliukh {flame, rElec rF-
                  | rC++ SInv}
  5910 | D:7      | Noticed Maggie
  5923 | D:7      | HP: 3/93 [Maggie/+2 scimitar of flaming (3)]
  5925 | D:7      | Killed Maggie
  5926 | D:7      | Reached skill level 5 in Dodging
  6601 | D:8      | Noticed a komodo dragon
  6608 | D:8      | Killed a komodo dragon
  6609 | D:8      | Reached skill level 1 in Invocations
  6617 | D:8      | Reached XP level 10. HP: 86/102 MP: 8/10
  6753 | D:8      | Found Syifrutaul's Assorted Antiques.
  7396 | D:9      | Noticed Psyche
  7398 | D:9      | Found a staircase to the Orcish Mines.
  7402 | D:9      | Paralysed by Psyche for 5 turns
  7411 | D:9      | Killed Psyche
  7418 | D:9      | Reached skill level 5 in Invocations
  8410 | D:9      | Found a staircase to the Lair.
  8673 | D:10     | Entered Level 10 of the Dungeon
  8746 | D:10     | Noticed a two-headed ogre
  8756 | D:10     | Killed a two-headed ogre
  8757 | D:10     | Reached skill level 5 in Shapeshifting
  8826 | D:10     | Found a transporter.
  8827 | D:10     | Noticed a wizard
  8838 | D:10     | Found a one-way gate to the infinite horrors of the Abyss.
  8838 | D:10     | Noticed a toenail golem
  8839 | D:10     | Noticed a skeletal warrior
  8842 | D:10     | Found a transporter.
  8861 | D:10     | Noticed flestrin's ghost (journeyman SpEn)
  8887 | D:10     | Reached XP level 11. HP: 109/109 MP: 15/15
  8977 | D:10     | Noticed Erolcha
  8984 | D:10     | Killed Erolcha
  9424 | D:10     | Noticed a deep elf pyromancer
  9445 | D:10     | Killed a deep elf pyromancer
  9492 | D:10     | Found a snail-covered altar of Cheibriados.
  9685 | D:10     | Found a bloodstained altar of Trog.
  9687 | D:10     | Found an opulent altar of Gozag.
  9688 | D:10     | Found an iron altar of Okawaru.
  9944 | D:11     | Noticed Fannar
  9952 | D:11     | Killed from afar by Fannar

Illustrated notes

Levels and vault maps discovered:
D:1:      lemuel_arrival_cross, layout_basic, nicolae_hexahallways,
          minmay_ruptured
D:2:      layout_basic
D:3:      minmay_evil_eye, layout_loops_ring, mainiacjoe_overflow_brackets,
          uniq_grinder, uniq_robin, uniq_jessica, uniq_crazy_yiuf_cottage
D:4:      layout_layer_cave, minmay_temple_entry_nine_rooms,
          chequers_mini_garden, uniq_menkaure, uniq_ijyb
D:5:      layout_basic, serial_shops, nicolae_shop_competitors_out_of_business
D:6:      old_forge, layout_basic, grunt_ministairs_4,
          minmay_a_box_with_orc_wizards_in_it
D:7:      layout_basic, nicolae_titane, uniq_joseph, uniq_maggie
D:8:      layout_loops_cross, serial_shops, shop_statue, minmay_misc_feat_doors
D:9:      layout_layer_cave, grunt_lair_entry_orc_guard_hut, david_orc_5,
          roderic_lattice_a, kennysheep_generic_room_5, uniq_psyche
D:10:     layout_basic, minitemple, mainiacjoe_overflow_tiny_flanked,
          gammafunk_ghost_abyssal_escape, uniq_erolcha
D:11:     layout_stronghold, uniq_fannar
Temple:   minmay_crystal_spiral_temple

Skill      XL: |  1  2  3  4  5  6  7  8  9 10 11 |
---------------+----------------------------------+-----
Unarmed Combat | 3 4 6 7 9 |  9.1
Fighting       | 2 6 7 |  7.1
Dodging        | 6 |  6.2
Invocations    | 2 7 |  7.1
Shapeshifting  | 5 8 |  8.2

Action                     |  1- 3 |  4- 6 |  7- 9 | 10-12 || total
---------------------------+-------+-------+-------+-------++-------
  Melee: Unarmed           |    86 |   118 |   211 |   220 ||   635
         Punch             |       |     4 |     6 |    12 ||    22
         Maw               |       |       |       |     1 ||     1
  Throw: Dart              |       |       |     7 |    18 ||    25
 Invoke: Stomp             |       |       |       |     3 ||     3
Ability: Begin Untransform |       |       |       |     1 ||     1
   Stab: Sleeping          |     1 |       |       |       ||     1
         Paralysed         |       |       |     8 |    19 ||    27
 Armour: Animal skin       |    30 |    34 |    42 |       ||   106
         Steam dragon scal |       |       |     4 |    62 ||    66
         Skin              |       |       |       |     7 ||     7
  Dodge: Dodged            |    33 |    52 |    82 |   126 ||   293
         Form:             |       |     1 |       |       ||     1
         Beast             |       |     1 |       |       ||     1
         Maw               |       |       |       |     1 ||     1

Table legend: (Time is in decaauts)
 A = Elapsed time spent in this place.
 B = Non-inter-level travel time spent in this place.
 C = Inter-level travel time spent in this place.
 D = Time resting spent in this place.
 E = Time spent auto-exploring this place.
 F = Levels seen in this place.
 G = Mean time per level.
                   A        B        C        D        E       F      G
               +--------+--------+--------+--------+--------+-----+--------+
         Total |   9857 |   9317 |    540 |    130 |   7662 |  12 |  821.4 |
       Dungeon |   9655 |   9197 |    458 |    130 |   7557 |  11 |  877.7 |
        Temple |    202 |    121 |     81 |      0 |    105 |   1 |  202.0 |
               +--------+--------+--------+--------+--------+-----+--------+

Top non-repeatable levels by time:
     D:9: 1493 daAuts
     D:4: 1312 daAuts
     D:3: 1136 daAuts
    D:10: 1033 daAuts
     D:1: 962 daAuts
     D:7: 940 daAuts
     D:6: 746 daAuts
     D:2: 644 daAuts
     D:8: 633 daAuts
     D:5: 526 daAuts
    D:11: 225 daAuts
  Temple: 202 daAuts
